 Dungeon Crawl Stone Soup version 0.28.0-53-g5a82cb258f (webtiles) character file.

Game seed: 10161319679177177143

1087 Descartes the Covert (level 8, -22/39 HPs)
             Began as a Spriggan Delver on May 29, 2022.
             Was a Believer of Dithmenos.
             Killed from afar by Maggie (26 damage)
             ... with a bolt of fire
             ... on level 7 of the Dungeon.
             The game lasted 00:06:56 (7137 turns).

Descartes the Covert (Spriggan Delver)              Turns: 7137, Time: 00:06:56

Health: -22/39     AC:  3    Str: 10    XL:     8   Next: 9%
Magic:  9/9        EV: 22    Int: 12    God:    Dithmenos [**....]
Gold:   361        SH:  0    Dex: 16    Spells: 7/7 levels left

rFire   . . .      SeeInvis +   i - +7 falchion "Murmur" {holy, Contam rN+ SInv Stlth+}
rCold   . . .      Faith    .   (no shield)
rNeg    + . .      Spirit   .   b - +1 robe
rPois   .          Reflect  .   (helmet restricted)
rElec   .          Harm     .   (no cloak)
rCorr   .          Rampage  .   (gloves unavailable)
Will    +....                   (boots unavailable)
Stlth   ++++++++..              (no amulet)
HPRegen 0.13/turn               (no ring)
MPRegen 0.11/turn               (no ring)

@: mesmerised, hasted, wreathed by umbra, very quick
A: very small, no large weapons, unfitting armour, see invisible, speed 3
a: Renounce Religion, Shadow Step


You were on level 7 of the Dungeon.
You worshipped Dithmenos.
Dithmenos was pleased with you.
You visited 2 branches of the dungeon, and saw 8 of its levels.

You collected 361 gold pieces.

Inventory:

Hand Weapons
 a - a +0 short sword
 i - the +7 falchion "Murmur" (weapon) {holy, Contam rN+ SInv Stlth+}
   (You found it on level 5 of the Dungeon)

   It has been blessed by the Shining One to cause great damage to the undead
   and demons.
   rN:        It protects you from negative energy.
   SInv:      It lets you see invisible.
   Contam:    It causes magical contamination when unequipped.
   Stlth:     It makes you more stealthy.
Missiles
 w - 157 stones (quivered)
 A - 41 sling bullets
 D - 19 arrows
 G - 3 atropa-tipped darts
Armour
 b - a +1 robe (worn)
Wands
 g - a wand of digging (3)
 l - a wand of flame (10)
 s - a wand of polymorph (4)
Scrolls
 c - a scroll of fog
 d - 2 scrolls of magic mapping
 e - 2 scrolls of fear
 h - 3 scrolls of teleportation
 j - a scroll of noise
 k - a scroll of silence {unknown}
 m - a scroll of blinking
 n - 2 scrolls of enchant armour
 r - a scroll of identify {unknown}
 t - a scroll of torment {unknown}
 x - a scroll of immolation
 y - a scroll of brand weapon {unknown}
 E - a scroll of holy word {unknown}
 F - a scroll of enchant weapon {unknown}
Potions
 o - 2 potions of heal wounds {unknown}
 p - a potion of brilliance {unknown}
 q - 2 potions of mutation {unknown}
 u - 2 potions of lignification {unknown}
 v - 2 potions of curing {unknown}
 z - 3 potions of might {unknown}
 B - a potion of ambrosia {unknown}
 C - a potion of berserk rage {unknown}


   Skills:
 - Level 2.4 Fighting
 + Level 4.0 Short Blades
 + Level 8.7 Dodging
 + Level 12.1 Stealth


You had 7 spell levels left.
You didn't know any spells.
Your spell library contained the following spells:

 Spells                   Type           Power      Damage    Failure   Level
 Corpse Rot               Necr/Air       0%         N/A       45%         2
 Static Discharge         Conj/Air       0%         N/A       45%         2
 Ozocubu's Armour         Ice            0%         N/A       69%         3
 Dispel Undead            Necr           0%         3d6       97%         4
 Sticky Flame             Conj/Fire      0%         2d3       97%         4
 Death Channel            Necr           0%         N/A       100%        6
 Ozocubu's Refrigeration  Ice            0%         4d5       100%        7


Dungeon Overview and Level Annotations

Branches:
Dungeon (7/15)             Temple (1/1) D:5

Altars:
Cheibriados
Dithmenos
Elyvilon
Fedhas
Gozag
Hepliaklqana
Makhleb
Nemelex Xobeh
Okawaru
Qazlal
Ru
Trog
Uskayaw
Vehumet
Wu Jian
Xom
Yredelemnul
Zin
The Shining One

Shops:
D:3 (

Annotations:
D:7 Maggie


Innate Abilities, Weirdness & Mutations

You are very small and have problems with some larger weapons.
You are too small for most types of armour.
You have supernaturally acute eyesight. (SInv)
You cover ground extremely quickly. (Speed+++)


Message History

You hit Maggie. You punch Maggie, but do no damage.
Maggie is heavily wounded.
Maggie closely misses you.
You barely miss Maggie.
Maggie is heavily wounded.
Maggie hits you with a +0 broad axe.
* * * LOW HITPOINT WARNING * * *
You barely miss Maggie.
Maggie is heavily wounded.
Maggie barely misses you.
Unknown command.
You hit Maggie.
Maggie is heavily wounded.
You break out of your daze.
Maggie completely misses you.
You feel yourself speed up.
Maggie casts a spell.
Maggie attempts to bespell you! You resist.
You closely miss Maggie.
Maggie is heavily wounded.
Maggie closely misses you.
You barely miss Maggie.
Maggie is heavily wounded.
Maggie mumbles some strange words.
Maggie attempts to bespell you!
You are mesmerised by Maggie!
You hit Maggie.
Maggie is severely wounded.
Maggie completely misses you.
You slash Maggie! Your punch misses Maggie.
Maggie is severely wounded.
You hit Maggie but do no damage.
Maggie is severely wounded.
Maggie misses you.
You hit Maggie.
Maggie is severely wounded.
Maggie gestures at you while chanting. The bolt of fire hits you!!
Ouch! That really hurt!
You die...

..... #'####+#
......#......#
.?....#......#
......#......#
......#'###.[#
#....# ###
#....# #....#
#..@.# #.@..#
#....# ##....
#..... #......
#.......
#........


You could see Maggie (mesmerising).

Vanquished Creatures
  Grinder (D:3)
  2 ogres
  A necrophage (D:6)
  A bullfrog (D:6)
  A scorpion (D:5)
  A wyvern skeleton (D:6)
  A centaur zombie (D:5)
  A gnoll shaman (D:4)
  4 iguanas
  Ijyb (D:3)
  Natasha (thrice) (D:3)
  An orc wizard (D:4)
  6 adders
  4 gnolls (D:4)
  An ufetubus (D:4)
  2 worms
  8 orcs
  5 bats
  7 endoplasms
  3 giant cockroaches
  3 goblins
  3 hobgoblins
  11 jackals
  6 kobolds
  3 quokkas (D:2)
  8 ball pythons
  2 frilled lizards
  4 rats
94 creatures vanquished.

Notes
Turn   | Place    | Note
-------+----------+-------------------------------------------
     0 | D:5      | Descartes the Spriggan Delver began the quest for the Orb.
     0 | D:5      | Reached XP level 1. HP: 11/11 MP: 2/2
    53 | D:5      | Reached XP level 2. HP: 8/16 MP: 3/3
   251 | D:4      | Noticed an ogre
   289 | D:5      | Found a staircase to the Ecumenical Temple.
   294 | Temple   | Entered the Ecumenical Temple
   411 | Temple   | Became a worshipper of Dithmenos the Shadowed
   542 | D:5      | Reached skill level 8 in Stealth
   542 | D:5      | Reached XP level 3. HP: 14/19 MP: 4/4
   630 | D:5      | Noticed a scorpion
   635 | D:5      | Killed a scorpion
   636 | D:5      | Reached XP level 4. HP: 23/23 MP: 5/5
   649 | D:5      | HP: 1/23 [worm (8)]
   961 | D:5      | Found a stormy altar of Qazlal.
   964 | D:5      | Identified the +7 falchion "Murmur" {holy, Contam rN+ SInv
                  | Stlth+}
  1147 | D:5      | Reached skill level 5 in Dodging
  1147 | D:5      | Reached skill level 9 in Stealth
  1268 | D:5      | Reached XP level 5. HP: 23/27 MP: 6/6
  1486 | D:3      | Noticed Natasha
  1490 | D:3      | Killed Natasha
  1503 | D:2      | Found a faded altar of an unknown god.
  2251 | D:1      | Reached * piety under Dithmenos
  2518 | D:1      | You fall into a shaft and drop 1 floor!
  3364 | D:3      | Noticed Natasha
  3380 | D:3      | Killed Natasha
  3381 | D:3      | Reached XP level 6. HP: 32/32 MP: 7/7
  3396 | D:3      | Noticed Ijyb
  3401 | D:3      | Killed Ijyb
  3402 | D:3      | Reached skill level 10 in Stealth
  3452 | D:3      | Found Sism's Weapon Shop.
  3528 | D:3      | Noticed Natasha
  3539 | D:3      | Killed Natasha
  3649 | D:3      | Noticed Grinder
  3663 | D:3      | Killed Grinder
  3664 | D:3      | Reached XP level 7. HP: 30/35 MP: 8/8
  4028 | D:4      | Reached ** piety under Dithmenos
  4077 | D:4      | Reached skill level 11 in Stealth
  6780 | D:6      | Reached skill level 12 in Stealth
  6780 | D:6      | Reached XP level 8. HP: 33/39 MP: 9/9
  7109 | D:7      | Noticed Maggie
  7137 | D:7      | Killed from afar by Maggie

Illustrated notes

Levels and vault maps discovered:
D:1:      eino_arrival_water_star, layout_basic
D:2:      layout_rooms, basic_ecumenical_altar
D:3:      layout_basic, serial_shops, shop, uniq_ijyb, uniq_grinder,
          uniq_natasha
D:4:      layout_gridville
D:5:      layout_gridville, mainiacjoe_overflow_catwalk, temple_doors_cd
D:6:      layout_loops_ring
D:7:      layout_gridville, lightli_ossuary_entry_decrepit_ruins, uniq_joseph,
          uniq_maggie
Temple:   dpeg_five_rooms_temple

Skill      XL: |  1  2  3  4  5  6  7  8 |
---------------+-------------------------+-----
Dodging        | 3 4 5 6 7 8 |  8.7
Stealth        | 8 9 10 12 | 12.1
Short Blades   | 3 4 |  4.0
Fighting       | |  2.4

Action                   |  1- 3 |  4- 6 |  7- 9 || total
-------------------------+-------+-------+-------++-------
Melee: Short sword       |    18 |    12 |       ||    30
       Falchion          |       |   118 |   128 ||   246
       Punch             |       |       |     2 ||     2
  Use: Scroll            |       |       |     5 ||     5
       Potion            |       |       |     1 ||     1
 Stab: Sleeping          |     2 |    25 |    10 ||    37
       Distracted        |       |     2 |       ||     2
Armor: Robe              |     6 |    10 |     3 ||    19
Dodge: Dodged            |    14 |   131 |   134 ||   279
